 Dungeon Crawl Stone Soup version 0.29-a0-994-gc5c9f59d18 (webtiles) character file.

Game seed: 4611829649164768143

50675 Spectrina the Thaumaturge (level 14, -6/103 HPs)
             Began as a Djinni Venom Mage on Aug 2, 2022.
             Was a Believer of Yredelemnul.
             Killed from afar by an eleionoma (43 damage)
             ... with a spray of wooden splinters
             ... on level 1 of the Swamp on Aug 3, 2022.
             The game lasted 02:47:05 (11654 turns).

Spectrina the Thaumaturge (Djinni Venom Mage)      Turns: 11654, Time: 02:47:05

Health: -6/103     AC: 11    Str:  7    XL:     14   Next: 98%
Gold:   1016       EV: 10    Int: 28    God:    Yredelemnul [**....] SH:  0 Dex: 14

rFire   + + .      SeeInvis .   d - staff of death {!a}
rCold   . . .      Faith    +   (no shield)
rNeg    + . .      Spirit   .   n - +3 ring mail "Mellocs" {rPois}
rPois   ∞          Reflect  .   (no helmet)
rElec   .          Harm     .   g - scarf {+Inv}
rCorr   .          Rampage  .   Y - +2 pair of gloves
Will    +....                   (boots unavailable)
Stlth   ++++......              c - amulet of faith
HPRegen 0.27/turn               L - ring of protection from cold
MPRegen 0.00/turn               f - +6 ring of intelligence

@: forested, flying
A: sickness immunity, fire resistance 2, cold vulnerability 1, float, innate
caster, HP casting, extra vitality 1
a: Renounce Religion, Evoke Invisibility, Recall Undead Harvest, Dark Bargain


You were on level 1 of the Swamp.
You worshipped Yredelemnul.
Yredelemnul was aware of your devotion.
You visited 4 branches of the dungeon, and saw 19 of its levels.
You also visited: Bailey.

You collected 1107 gold pieces.
You spent 91 gold pieces at shops.

Inventory:

Hand Weapons
 e - a +0 dagger of electrocution
 h - a +0 bardiche
 r - the +10 long sword of Flawed Execution {pain, rPois rC+ Will+ rCorr}
   (You found it on level 4 of the Lair of Beasts)

   In the hands of one skilled in necromantic magic, it inflicts extra damage on
   living creatures.
   Your inability to study Necromancy prevents you from drawing on the full
   power of this weapon.
   rC:        It protects you from cold.
   rPois:     It protects you from poison.
   rCorr:     It protects you from acid and corrosion.
   Will:      It increases your willpower.
 t - the +7 hand axe "Zeomoplu" {drain, Fly rPois Stlth+}
   (You found it on level 10 of the Dungeon)

   A truly terrible weapon, it drains the life of any living foe it strikes.
   rPois:     It protects you from poison.
   Fly:       It grants you flight.
   Stlth:     It makes you more stealthy.
 B - a +0 scythe
 K - a +3 shortbow
Missiles
 J - 5 silver javelins
 P - 3 curare-tipped darts (quivered)
 Q - a throwing net
Armour
 g - a scarf of invisibility (worn)
 n - the +3 ring mail "Mellocs" (worn) {rPois}
   (You found it on level 8 of the Dungeon)

   rPois:     It protects you from poison.
 o - the +0 leather armour of Truth {+Blink rElec}
   (You found it on level 1 of the Lair of Beasts)

   rElec:     It insulates you from electricity.
   +Blink:    It lets you blink.
 x - a +0 ring mail of cold resistance
 Y - a +2 pair of gloves (worn)
Magical Staves
 a - a staff of air {!a}
 d - a staff of death (weapon) {!a}
Jewellery
 c - an amulet of faith (around neck)
 f - a +6 ring of intelligence (right hand)
 y - a ring of protection from fire
 L - a ring of protection from cold (left hand)
Wands
 k - a wand of paralysis (25)
 z - a wand of mindburst (20)
 D - a wand of flame (30)
 H - a wand of light (15)
 O - a wand of polymorph (4)
 S - a wand of digging (9)
Scrolls
 i - 3 scrolls of vulnerability
 j - 3 scrolls of enchant weapon
 l - a scroll of brand weapon
 m - 8 scrolls of immolation
 v - 2 scrolls of summoning
 C - 3 scrolls of butterflies
 E - a scroll of poison
 F - 2 scrolls of fear
 R - 4 scrolls of teleportation
 U - a scroll of silence
 V - 2 scrolls of magic mapping {unknown}
 Z - a scroll of noise
Potions
 b - 2 potions of brilliance {unknown}
 p - 3 potions of might
 s - 5 potions of attraction
 u - 8 potions of curing
 w - 4 potions of haste
 G - 6 potions of heal wounds
 I - 2 potions of mutation
 M - a potion of invisibility
 N - a potion of berserk rage
 T - 2 potions of ambrosia
 W - a potion of cancellation
Miscellaneous
 q - a box of beasts
 A - a lightning rod (4/4)
 X - a phantom mirror (inert)


   Skills:
 + Level 10.4 Fighting
 - Level 2.1 Dodging
 + Level 9.8 Stealth
 * Level 11.8 Spellcasting
 + Level 10.2 Invocations
 + Level 10.4 Evocations


You had 7 spell levels left.
You knew the following spells:

 Your Spells              Type           Power      Damage    Failure   Level
a - Shock                 Conj/Air       100%       1d9       1%          1
b - Passwall              Tmut/Erth      58%        N/A       1%          2
d - Sting                 Tmut/Pois      100%       1d8       1%          1
f - Vampiric Draining     Necr           89%        2d12      1%          3
k - Silence               Hex/Air        35%        N/A       2%          5
l - Confusing Touch       Hex            70%        N/A       1%          3
m - Mephitic Cloud        Conj/Pois/Air  70%        N/A       1%          3
p - Summon Forest         Summ/Tloc      35%        N/A       2%          5
q - Poisonous Vapours     Pois/Air       100%       N/A       1%          2
r - Olgreb's Toxic Radia  Pois           70%        N/A       1%          4
Your spell library was empty.

Dungeon Overview and Level Annotations

Branches:
Dungeon (12/15)            Temple (1/1) D:4            Lair (5/5) D:11
  Swamp (1/4) Lair:3       Spider (0/4) Lair:2        Slime (0/5) Lair:4
    Orc (0/2) D:10         Bailey (visited)

Altars:
Cheibriados
Dithmenos
Elyvilon
Gozag
Hepliaklqana
Makhleb
Nemelex Xobeh
Okawaru
Qazlal
Ru
Trog
Uskayaw
Wu Jian
Xom
Yredelemnul
Zin
Jiyva

Shops:
D:3 *([((

Annotations:
D:5 2 runed translucent doors
Lair:4 1 runed translucent door


Innate Abilities, Weirdness & Mutations

You are immune to sickness and miasma.
You are immune to poison.
Your flesh is very heat resistant. (rF++)
You are vulnerable to cold. (rC-)
You float through the air rather than walking.
You learn spells naturally, not from books.
Your magical power is your life essence.
You have superior vitality. (+4 MHP)


Message History

Press: ? - help, Shift-Dir - straight line, f - you, p - eleionoma
Okay, then.
Aiming: Phantom Mirror
Press: ? - help, Dir - move target, f/p - eleionoma
Aim: an eleionoma (moderately wounded, extremely poisoned, ally target)
You reflect the eleionoma with the mirror!
The mirror clouds!
A tree reaches out and hits the eleionoma!
Your swamp worm zombie bites the eleionoma!
The eleionoma touches a tree and draws upon its vitality.
The eleionoma is healed.
Your dryad hits the eleionoma but does no damage.
Unknown command.
Unknown command.
Unknown command.
A tree reaches out and hits the eleionoma!
Your swamp worm zombie closely misses the eleionoma.
The eleionoma flows through the trees.
Unknown command.
You feel roots moving beneath the ground.
A tree reaches out and hits the eleionoma!
You feel roots moving beneath the ground.
A root smacks the eleionoma from below!
The eleionoma touches a tree and draws upon its vitality.
The eleionoma is healed.
Unknown command.
Unknown command.
The eleionoma is hit by a branch!
Unknown command.
Press: ? - help, v - describe, . - travel
Here: an eleionoma (heavily wounded, extremely poisoned, ally target)
The floor.
Unknown command.
Unknown command.
A tree reaches out and hits the eleionoma!
The eleionoma hurls a spray of splinters at you.
The spray of wooden splinters hits your alligator zombie!!
The spray of wooden splinters hits you!!!
You die...
Your body rises from the dead as a mindless zombie.

♣.~~~~~..~.♣~~~~.♣♣
♣♣.~~~~~~~~.~~~~~~.♣♣
♣...~~~~~~~~~~~~~...w
♣♣...~§~~~~~~~~~~....
♣~....~~~~~~♣..~~~~.~
♣♣.R..~~~~~.♣.♣.~~~.~
♣♣.~~~....~♣♣♣.~~...
♣RZ~~.♣..♣♣ ~~..~
♣♣@R♣.♣♣~♣ ~♣♣
♣Z[.♣♣♣♣♣ ♣ ♣...♣
~.~... ..~.~..~
~~.♣♣~.... §...~
~.... ♣..~~ ♣....


You could see an eleionoma (very poisoned, ally target), a friendly eleionoma
(summoned, very poisoned, drained), a friendly dryad (summoned), a friendly
alligator zombie and a friendly swamp worm zombie.

Vanquished Creatures
  2 vault guards (Bailey)
  A boulder beetle (D:11)
  A two-headed ogre (D:11)
  A death yak (Lair:1)
  A deep elf pyromancer (D:11)
  An ugly thing (D:11)
  2 cyclopes (D:11)
  3 black mambas
  3 elephants
  3 cane toads
  2 rime drakes
  2 komodo dragons
  2 polar bears (Lair:5)
  A troll (D:10)
  3 hornets
  Prince Ribbit (Bailey)
  A dream sheep (Lair:5)
  A blink frog (Lair:1)
  2 jumping spiders (Lair:2)
  Sigmund (D:6)
  3 wyverns
  8 spriggans (Lair:5)
  2 wraiths (D:10)
  2 basilisks
  6 yaks
  A steam dragon (D:8)
  2 humans
  2 swamp worms (Swamp:1)
  6 water moccasins
  3 black bears
  3 orc warriors
  A sky beast (D:8)
  An ogre (D:4)
  A boggart (Lair:5)
  3 centaurs
  15 wolves
  3 kobold brigands
  19 bullfrogs
  Blork the orc (D:6)
  5 wights (D:9)
  6 killer bees (D:8)
  8 howler monkeys
  An electric eel (D:10)
  3 hounds
  2 jellies
  2 orc priests
  Terence (D:3)
  7 iguanas
  10 orc wizards
  3 hell rats (Lair:5)
  A gnoll (D:4)
  9 adders
  4 white imps
  2 ufetubi
  2 orc zombies (D:10)
  A worm (D:2)
  28 orcs
  3 ball pythons
  2 endoplasms
  2 giant cockroaches
  11 goblins
  4 hobgoblins
  2 jackals (D:4)
  18 kobolds
  A quokka (D:4)
  A bat (D:2)
  2 frilled lizards
  3 rats (D:3)
260 creatures vanquished.

Vanquished Creatures (collateral kills)
  Josephine (D:10)
  Harold (D:10)
  Erolcha (D:10)
  A catoblepas (Lair:4)
  2 hydras (Lair:5)
  An alligator (Swamp:1)
  3 death yaks (Lair:1)
  Urug (Lair:3)
  The ghost of siradein the Fighter, a novice OgBe of Trog (D:5)
  14 elephants
  13 cane toads
  3 rime drakes
  11 komodo dragons
  A troll (D:11)
  3 blink frogs (Lair:1)
  3 hornets (Lair:5)
  2 polar bears (Lair:5)
  A dream sheep (Lair:5)
  A jumping spider (Lair:2)
  5 spriggans (Lair:5)
  2 wyverns
  21 yaks
  A shadow (D:10)
  7 wraiths
  2 basilisks
  A redback (Lair:2)
  A swamp worm (Swamp:1)
  9 water moccasins
  2 nameless horrors (D:7)
  3 orc warriors (D:10)
  A cane toad zombie (Lair:5)
  2 black bears
  12 wolves (Lair:5)
  A centaur (D:10)
  A phantom (D:7)
  8 bullfrogs
  A howler monkey (D:10)
  2 electric eels
  2 centaur zombies (D:5)
  An orc priest (D:10)
  3 hell rats (Lair:5)
  3 orc wizards
  A mummy (D:5)
  9 orcs
  A bush (Lair:2)
166 creatures vanquished.

Vanquished Creatures (others)
  A swamp worm zombie (Swamp:1)
  A jumping spider zombie (Lair:2)
  A black mamba zombie (Lair:5)
  A two-headed ogre zombie (D:11)
  A spectral basilisk (Lair:2)
  5 cane toad zombies
  A hornet zombie (Lair:5)
  An elephant zombie (Lair:2)
  2 rime drake zombies
  3 komodo dragon zombies
  5 water moccasin zombies
  2 spectral boggarts
  A cyclops zombie (D:11)
  2 wyvern zombies
  A troll zombie (D:10)
  8 yak zombies
  A polar bear zombie (Lair:5)
  4 spriggan zombies (Lair:5)
  9 wolf zombies
  2 bullfrog zombies
  2 centaur zombies
  2 black bear zombies (Lair:5)
  An ogre zombie (D:10)
  3 howler monkey zombies
  3 hell rat zombies (Lair:5)
  A spectral electric eel (Lair:5)
  11 orc zombies
  A bush (D:11)
  51 fungi
  72 plants
  9 snaplasher vines
  2 withered plants (D:8)
210 creatures vanquished.

Grand Total: 636 creatures vanquished

Notes
Turn   | Place    | Note
-------+----------+-------------------------------------------
     0 | D:1      | Spectrina the Djinni Venom Mage began the quest for the
                  | Orb.
     0 | D:1      | Spectrina set off with the following spells memorised:
                  | Sting, Poisonous Vapours, Mephitic Cloud, Olgreb's Toxic
                  | Radiance.
     0 | D:1      | Reached XP level 1. HP: 15/15 MP: 0/0
   165 | D:3      | Found Gypuruso's Armour Shop.
   194 | D:3      | Found a bloodstained altar of Trog.
   239 | D:4      | Reached XP level 2. HP: 18/22 MP: 0/0
   316 | D:4      | Found a staircase to the Ecumenical Temple.
   322 | Temple   | Entered the Ecumenical Temple
   570 | D:3      | Found a white marble altar of Elyvilon.
   659 | D:3      | Found Cagheni's Weapon Shop.
   697 | D:3      | Found Ickiyste's Antique Weapon Boutique.
   713 | D:3      | Reached XP level 3. HP: 14/26 MP: 0/0
   713 | D:3      | Learned a level 1 spell: Shock
   797 | D:3      | Noticed Terence
   813 | D:3      | Killed Terence
   814 | D:3      | Reached skill level 3 in Spellcasting
   896 | D:3      | Found Tuxkack's General Store.
   902 | D:3      | Bought a potion of attraction for 39 gold pieces
   902 | D:3      | Bought a scroll of identify for 26 gold pieces
   902 | D:3      | Bought a scroll of identify for 26 gold pieces
   968 | D:4      | Reached XP level 4. HP: 13/31 MP: 0/0
  1013 | D:4      | Reached skill level 1 in Invocations
  1014 | D:4      | Reached skill level 1 in Fighting
  1014 | D:4      | Reached skill level 1 in Evocations
  1095 | D:4      | Reached XP level 5. HP: 14/37 MP: 0/0
  1095 | D:4      | Learned a level 2 spell: Passwall
  1197 | D:4      | Noticed an ogre
  1206 | D:4      | Killed an ogre
  1207 | D:4      | Reached XP level 6. HP: 4/43 MP: 0/0
  1537 | D:5      | Entered Level 5 of the Dungeon
  1862 | D:5      | Found a transporter.
  1866 | D:5      | Noticed siradein's ghost (novice OgBe)
  1898 | D:5      | Reached XP level 7. HP: 7/49 MP: 0/0
  1898 | D:5      | Learned a level 3 spell: Vampiric Draining
  1989 | D:3      | Found Guosenuo's Weapon Boutique.
  2114 | D:5      | Reached skill level 4 in Spellcasting
  2696 | D:5      | Found a large runed translucent door.
  2697 | D:5      | Found a large runed translucent door.
  2785 | D:5      | Found a transporter.
  2966 | D:6      | Reached XP level 8. HP: 37/56 MP: 0/0
  2980 | D:6      | Noticed Sigmund
  2985 | D:6      | Killed Sigmund
  3218 | D:6      | Noticed Blork the orc
  3225 | D:6      | Killed Blork the orc
  3226 | D:6      | Reached skill level 5 in Spellcasting
  3488 | D:7      | Noticed a wraith
  3623 | D:8      | Found a stormy altar of Qazlal.
  3640 | D:8      | Identified the +3 ring mail "Mellocs" {rPois}
  3679 | D:8      | Reached XP level 9. HP: 56/62 MP: 0/0
  3679 | D:8      | Learned a level 3 spell: Confusing Touch
  3891 | D:8      | Found a flagged portal.
  3902 | Bailey   | Entered a bailey
  4173 | Bailey   | Reached skill level 6 in Spellcasting
  4202 | Bailey   | Noticed a vault guard
  4299 | Bailey   | Killed a vault guard
  4300 | Bailey   | Reached skill level 5 in Fighting
  4300 | Bailey   | Reached skill level 5 in Stealth
  4300 | Bailey   | Reached skill level 5 in Invocations
  4300 | Bailey   | Reached skill level 5 in Evocations
  4300 | Bailey   | Reached XP level 10. HP: 28/70 MP: 0/0
  4323 | Bailey   | Noticed Prince Ribbit
  4357 | Bailey   | Killed Prince Ribbit
  4382 | Bailey   | Noticed a vault guard
  4403 | Bailey   | Killed a vault guard
  4404 | Bailey   | Reached skill level 7 in Spellcasting
  5087 | D:9      | Found a runed translucent door.
  5089 | D:9      | Found a basalt altar of Yredelemnul.
  5114 | D:9      | Became a worshipper of Yredelemnul the Dark
  5228 | D:10     | Entered Level 10 of the Dungeon
  5308 | D:10     | Identified the +7 hand axe "Zeomoplu" {drain, Fly rPois
                  | Stlth+}
  5347 | D:10     | Reached * piety under Yredelemnul
  5396 | D:10     | Noticed Erolcha
  5608 | D:9      | Reached XP level 11. HP: 29/76 MP: 0/0
  5608 | D:9      | Learned a level 5 spell: Summon Forest
  5860 | D:6      | Reached ** piety under Yredelemnul
  5934 | D:5      | Killed siradein's ghost
  6641 | D:10     | Noticed Josephine
  6648 | D:10     | Reached skill level 8 in Spellcasting
  6651 | D:10     | Killed Josephine
  6698 | D:10     | Killed Erolcha
  6738 | D:10     | Noticed Harold
  6755 | D:10     | Killed Harold
  6762 | D:10     | Your ally Erolcha died
  6987 | D:10     | Reached *** piety under Yredelemnul
  7012 | D:10     | Found a staircase to the Orcish Mines.
  7360 | D:11     | Noticed a boulder beetle
  7362 | D:11     | Noticed a two-headed ogre
  7369 | D:11     | Killed a boulder beetle
  7370 | D:11     | Reached XP level 12. HP: 68/85 MP: 0/0
  7372 | D:11     | Killed a two-headed ogre
  7402 | D:11     | Reached skill level 9 in Spellcasting
  7403 | D:11     | Reached **** piety under Yredelemnul
  7420 | D:11     | Found a staircase to the Lair.
  7460 | D:11     | Reached ***** piety under Yredelemnul
  7846 | Lair:1   | Entered Level 1 of the Lair of Beasts
  7859 | Lair:1   | Identified the +0 leather armour of Truth {+Blink rElec}
  8094 | Lair:1   | Reached ****** piety under Yredelemnul
  8168 | Lair:1   | Noticed a death yak
  8169 | Lair:1   | Noticed a death yak
  8171 | Lair:1   | Noticed a death yak
  8175 | Lair:1   | Noticed a death yak
  8177 | Lair:1   | Killed a death yak
  8189 | Lair:1   | Killed a death yak
  8190 | Lair:1   | Reached XP level 13. HP: 54/93 MP: 0/0
  8190 | Lair:1   | Learned a level 5 spell: Silence
  8300 | Lair:1   | Reached skill level 10 in Spellcasting
  8706 | Lair:2   | Found a hole to the Spider Nest.
  9074 | Lair:2   | Noticed a seven-headed hydra
  9126 | Lair:2   | Killed a seven-headed hydra
  9126 | Lair:2   | Enslaved a seven-headed hydra
  9316 | Lair:3   | Found a staircase to the Swamp.
  9436 | Lair:3   | Noticed Urug
  9571 | Lair:3   | Killed Urug
  9641 | Lair:4   | Reached XP level 14. HP: 74/101 MP: 0/0
  9700 | Lair:4   | Identified the +10 long sword of Flawed Execution {pain,
                  | rPois rC+ Will+ rCorr}
  9727 | Lair:4   | You are sucked into a shaft and drop 1 floor!
  9727 | Lair:5   | Entered Level 5 of the Lair of Beasts
  9746 | Lair:4   | Found a runed translucent door.
  9746 | Lair:4   | Found a viscous altar of Jiyva.
  9746 | Lair:4   | Noticed an acid blob
 10257 | Lair:4   | Noticed an acid blob
 10259 | Lair:4   | Found a staircase to the Slime Pits.
 10404 | Lair:5   | Reached skill level 11 in Spellcasting
 10665 | Lair:5   | Reached skill level 10 in Evocations
 10670 | Lair:5   | Reached skill level 10 in Fighting
 10778 | Lair:5   | Reached skill level 10 in Invocations
 11455 | Lair:5   | Upgraded the game from 0.29-a0-993-g4a18f31a58 to
                  | 0.29-a0-994-gc5c9f59d18
 11579 | Swamp:1  | Entered Level 1 of the Swamp
 11640 | Swamp:1  | Noticed an eleionoma
 11654 | Swamp:1  | Killed from afar by an eleionoma

Illustrated notes

Levels and vault maps discovered:
D:1:      eino_arrival_druids_welcome, layout_loops_corners,
          minmay_misc_feat_square, grunt_decor_mini_mirrors, minmay_heptomino_l4
D:2:      layout_basic, dreamdust_ecumenical_altar_angels_and_demons
D:3:      layout_loops_ring, elyvilon_altar_5,
          mainiacjoe_overflow_small_starburst, serial_shops, shop,
          nicolae_shop_temple_entry_statues_fountains, shop_fountains, shop,
          shop, st_stairs_9, minmay_misc_feat_pillars, chequers_mini_garden,
          uniq_terence
D:4:      layout_basic, minmay_temple_entry_slanted, minivault_23, st_stairs_3,
          minivault_1, minmay_misc_feat_chi
D:5:      layout_rooms, jmf_multi_god_temple2, gammafunk_ghost_mausoleum
D:6:      layout_basic, general_overflow_altar, uniq_blork_the_orc, uniq_sigmund
D:7:      layout_loops_cross
D:8:      layout_loops_ring, kiku_gazebo_garden_becter,
          nicolae_qazlal_scattered_showers, enter_bailey_5
D:9:      layout_basic, dk_yredelemnul_ordeal, gammafunk_temple_overflow_statue,
          minmay_ruined_shrine
D:10:     layout_cave_pools, erik_orc_2, uniq_erolcha, uniq_josephine,
          uniq_harold
D:11:     layout_roguey, minmay_lair_entry_grove, serial_curves, eino_curves_01,
          eino_curves_03
D:12:     layout_loops_ring
Temple:   chequers_temple_sunken
Lair:1:   layout_regular_city, grunt_megastairs_4, infiniplex_staircase_pool_2
Lair:2:   layout_layer_cave, spider_nest_entry_a
Lair:3:   layout_hall_layers, swamp_mist, infiniplex_staircase_pool, uniq_urug
Lair:4:   layout_layer_cave, slime_entry_2, fungi_pond_lemuel,
          grunt_megastairs_5
Lair:5:   minmay_lair_end_enchanted_forest, layout_gridlike, minivault_27,
          chequers_serial_rivers_room_b, serial_bayou_shore_a,
          grunt_megastairs_2, serial_bayou_shore_b
Swamp:1:  nicolae_swamp_standing_stones, layout_basic_swamp,
          evilmike_swamp_ruin_house_5

Skill      XL: |  1  2  3  4  5  6  7  8  9 10 11 12 13 14 |
---------------+-------------------------------------------+-----
Stealth        | 2 3 4 5 6 7 8 9 |  9.8
Spellcasting   | 3 4 5 6 7 8 9 10 11 | 11.8
Invocations    | 1 2 3 5 6 7 8 9 10 | 10.2
Fighting       | 1 2 3 5 6 7 8 9 10 | 10.4
Evocations     | 1 2 3 5 6 7 8 9 10 | 10.4
Dodging        | |  2.1

Action                   |  1- 3 |  4- 6 |  7- 9 | 10-12 | 13-15 || total
-------------------------+-------+-------+-------+-------+-------++-------
Melee: Dagger            |     2 |    23 |    18 |     1 |       ||    44
       Punch             |       |     1 |       |       |       ||     1
       Great mace        |       |       |     3 |       |       ||     3
       Staff             |       |       |       |     1 |     1 ||     2
       Halberd           |       |       |       |       |     1 ||     1
 Fire: Arbalest          |       |       |    23 |    13 |       ||    36
 Cast: Sting             |    17 |    18 |    11 |     4 |       ||    50
       Poisonous Vapours |    16 |    25 |    55 |   118 |   115 ||   329
       Shock             |       |    17 |     4 |    60 |     4 ||    85
       Vampiric Draining |       |       |    46 |    40 |    82 ||   168
       Mephitic Cloud    |       |       |     6 |    10 |     4 ||    20
       Olgreb's Toxic Ra |       |       |     8 |    21 |    18 ||    47
       Summon Forest     |       |       |       |    16 |    24 ||    40
       Passwall          |       |       |       |     1 |       ||     1
Invok: Recall Undead Har |       |       |       |     2 |     7 ||     9
       Bind Soul         |       |       |       |       |     6 ||     6
 Abil: Evoke Invisibilit |       |       |       |       |     1 ||     1
Evoke: Wand              |       |       |       |       |     1 ||     1
       Phantom mirror    |       |       |       |       |     1 ||     1
  Use: Potion            |       |     6 |     1 |     4 |     1 ||    12
       Scroll            |       |     5 |     7 |     7 |     6 ||    25
 Stab: Sleeping          |       |       |       |     1 |       ||     1
Armor: Robe              |       |     1 |       |       |       ||     1
       Ring mail         |       |    24 |    59 |    36 |    25 ||   144
Dodge: Dodged            |     4 |    25 |    59 |    62 |    49 ||   199

Table legend: (Time is in decaauts)
 A = Elapsed time spent in this place.
 B = Non-inter-level travel time spent in this place.
 C = Inter-level travel time spent in this place.
 D = Time resting spent in this place.
 E = Time spent auto-exploring this place.
 F = Levels seen in this place.
 G = Mean time per level.
                   A        B        C        D        E       F      G
               +--------+--------+--------+--------+--------+-----+--------+
         Total |  11676 |  10303 |   1373 |      0 |      0 |  20 |  583.8 |
       Dungeon |   7231 |   6279 |    952 |      0 |      0 |  12 |  602.6 |
        Temple |     91 |     79 |     12 |      0 |      0 |   1 |   91.0 |
          Lair |   3728 |   3319 |    409 |      0 |      0 |   5 |  745.6 |
         Swamp |     73 |     73 |      0 |      0 |      0 |   1 |   73.0 |
        Bailey |    551 |    551 |      0 |      0 |      0 |   1 |  551.0 |
               +--------+--------+--------+--------+--------+-----+--------+

Top non-repeatable levels by time:
     D:4: 1236 daAuts
  Lair:5: 1114 daAuts
     D:8: 847 daAuts
  Lair:2: 802 daAuts
  Lair:4: 779 daAuts
     D:9: 743 daAuts
    D:11: 715 daAuts
    D:10: 684 daAuts
     D:6: 668 daAuts
  Lair:1: 611 daAuts
     D:3: 608 daAuts
     D:5: 604 daAuts
     D:7: 551 daAuts
  Bailey: 551 daAuts
  Lair:3: 419 daAuts
